 Dungeon Crawl Stone Soup version 0.22-a0-40-g3d2f077 (webtiles) character file.

1601 tidbits the Grave Robber (level 8, 38/59 HPs)
             Began as a Gnoll Necromancer on Jan 4, 2018.
             Quit the game on level 5 of the Dungeon.
             The game lasted 00:14:47 (1717 turns).

tidbits the Grave Robber (Gnoll Necromancer)        Turns: 1717, Time: 00:14:47

Health: 38/59      AC:  7    Str: 12    XL:     8   Next: 94%
Magic:  14/17      EV: 15    Int: 19    God:
Gold:   105        SH:  0    Dex: 15    Spells: 3/19 levels left

rFire    . . .     SeeInvis .   a - +0 flail (protect)
rCold    + . .     Gourm    .   (no shield)
rNeg     . . .     Faith    .   B - +2 leather armour {rC+}
rPois    .         Spirit   .   E - +1 hat
rElec    .         Reflect  .   C - scarf {cloud immunity}
rCorr    .         Harm     .   G - +0 pair of gloves (curse)
MR       .....                  (no boots)
Stlth    +++.......             (no amulet)
HPRegen  0.19/turn              (no ring)
MPRegen  0.15/turn              (no ring)

@: no status effects
A: distributed training, fangs 1, strong nose
a: no special abilities


You were on level 5 of the Dungeon.
You were not hungry.

You visited 1 branch of the dungeon, and saw 8 of its levels.
You also visited: Sewer.

You collected 221 gold pieces.
You spent 116 gold pieces at shops.

Inventory:

Hand Weapons
 a - a +0 flail of protection (weapon)
   (You took it off Edmund on level 6 of the Dungeon)
 d - a +0 dagger
 j - a +0 flail
 o - a +0 hunting sling
 q - a +0 hand crossbow
Missiles
 g - 63 stones
 h - 3 tomahawks (quivered)
Armour
 m - a cursed +0 ring mail
 B - a +2 leather armour of cold resistance (worn)
   (You took it off Edmund on level 6 of the Dungeon)
 C - a scarf of cloud immunity (worn)
   (You found it on level 6 of the Dungeon)
 E - a +1 hat (worn)
 G - a cursed +0 pair of gloves (worn)
Scrolls
 b - a scroll of teleportation
 f - a scroll of enchant weapon {unknown}
 k - a scroll of amnesia
 n - a scroll of noise
 p - a scroll of enchant armour
 r - a scroll of remove curse
 t - a scroll of vulnerability {unknown}
Potions
 e - 2 potions of curing
 s - 2 potions of heal wounds
Books
 l - a book of Frost
   (You found it in a sewer)

   Spells                             Type                      Level
   a - Freeze                         Ice                          1
   b - Throw Frost                    Conjuration/Ice              2
   c - Ozocubu's Armour               Charms/Ice                   3
   d - Throw Icicle                   Conjuration/Ice              4
   e - Summon Ice Beast               Ice/Summoning                4
 v - a book of Necromancy

   Spells                             Type                      Level
   a - Pain                           Necromancy                   1
   b - Animate Skeleton               Necromancy                   1
   c - Vampiric Draining              Necromancy                   3
   d - Regeneration                   Charms/Necromancy            3
   e - Animate Dead                   Necromancy                   4
   f - Borgnjor's Vile Clutch         Necromancy/Earth             5
Comestibles
 c - 4 rations


   Skills:
 + Level 3.6 Fighting
 + Level 3.6 Short Blades
 + Level 3.6 Long Blades
 + Level 3.6 Axes
 + Level 3.6 Maces & Flails
 + Level 3.6 Polearms
 + Level 3.6 Staves
 + Level 3.6 Slings
 + Level 3.6 Bows
 + Level 3.6 Crossbows
 + Level 3.6 Throwing
 + Level 3.6 Armour
 + Level 5.9 Dodging
 + Level 5.6 Stealth
 + Level 3.6 Shields
 + Level 3.6 Unarmed Combat
 + Level 6.2 Spellcasting
 + Level 3.0 Conjurations
 + Level 3.0 Hexes
 + Level 3.0 Charms
 + Level 3.0 Summonings
 + Level 7.8 Necromancy
 + Level 3.0 Translocations
 + Level 3.0 Transmutations
 + Level 3.0 Fire Magic
 + Level 3.0 Ice Magic
 + Level 3.0 Air Magic
 + Level 3.0 Earth Magic
 + Level 3.0 Poison Magic
 + Level 4.0 Invocations
 + Level 3.6 Evocations


You had 3 spell levels left.
You knew the following spells:

 Your Spells              Type           Power        Failure   Level  Hunger
a - Pain                  Necr           ####         1%          1    None
d - Vampiric Draining     Necr           #####.....   1%          3    ##.....
n - Animate Skeleton      Necr           N/A          1%          1    None
o - Ozocubu's Armour      Chrm/Ice       ###.....     12%         3    ##.....
r - Regeneration          Chrm/Necr      ####......   4%          3    ##.....
v - Borgnjor's Vile Clut  Necr/Erth      ####......   38%         5    #####..


Dungeon Overview and Level Annotations

Branches:
Dungeon (8/15)
 Temple: D:4-7         Lair: D:8-11

Altars:

Shops:
D:4 !   D:5 (   D:7 *


Innate Abilities, Weirdness & Mutations

Your experience applies equally to all skills.
You have very sharp teeth.
Your uncanny sense of smell can sniff out nearby items.


Message History

The orc hits you with a falchion.
Your gnoll skeleton hits the orc with a halberd!
The orc dies!
Things that are here:
a falchion; 5 chunks of flesh; a worker ant corpse You swap places.
Things that are here:
a short sword; an orc corpse
Things that are here:
a halberd; 2 chunks of flesh
Found Luguowuu's Weapon Emporium.
An orc comes into view. It is wielding a club.
A gnoll comes into view. It is wielding a whip.
The orc throws a tomahawk.
The tomahawk closely misses you.
You see here a tomahawk.
The orc throws a tomahawk.
The tomahawk hits you.
You see here a tomahawk.
There is an entrance to Luguowuu's Weapon Emporium here.
Casting: Animate Skeleton
Confirm with . or Enter, or press ? or * to list all spells.
Aiming: Pain
Press: ? - help, Shift-Dir - straight line, f - orc
Aim: an orc, wielding a club (chance to defeat MR: 93%)
The orc writhes in agony!
You kill the orc!
The gnoll shouts!
The gnoll hits you but does no damage.
You closely miss the gnoll. The gnoll hits you with a whip.
* * * LOW HITPOINT WARNING * * *
You barely miss the gnoll. The gnoll hits you but does no damage.
You closely miss the gnoll. The gnoll barely misses you.
The gnoll closely misses you.
Your gnoll skeleton hits the gnoll from afar with a halberd!
The gnoll dies!
Things that are here:
a whip; a gnoll corpse You swap places.
There is an entrance to Luguowuu's Weapon Emporium here.
You see here a tomahawk.
h - 3 tomahawks (gained 1)
You swap places.
Things that are here:
a club; an orc corpse
Items here: ! ) [ † a whip; a leather armour; a potion of curing; an orc corpse You found a teleport trap!
You swap places.
Things that are here:
a short sword; an orc corpse You swap places.
You see here a club.
Items here: ! ) [ † a whip; a leather armour; a potion of curing; an orc corpse
e - 2 potions of curing (gained 1)
You swap places.
Things that are here:
a halberd; 2 chunks of flesh
Things that are here:
a falchion; 5 chunks of flesh; a worker ant corpse You see here 2 chunks of flesh.
You see here a halberd.
Really walk into that teleport trap?
You enter a teleport trap!
The teleport trap disappears.
Your surroundings suddenly seem different.
Magic restored.
Casting: Pain
Confirm with . or Enter, or press ? or * to list all spells.
Aiming: Pain
Press: ? - help, Shift-Dir - straight line, f - orc wizard
Aim: an orc wizard, wielding a dagger and wearing a robe (hasn't noticed you, chance to defeat MR: 84%)
The orc wizard shouts!
The orc wizard writhes in agony!
Casting: Pain
Confirm with . or Enter, or press ? or * to list all spells.
Aiming: Pain
Press: ? - help, Shift-Dir - straight line, f/p - orc wizard
Aim: an orc wizard, wielding a dagger and wearing a robe (moderately wounded, chance to defeat MR: 84%)
The orc wizard writhes in agony!
The orc wizard hits you but does no damage.
Casting: Pain
Confirm with . or Enter, or press ? or * to list all spells.
Aiming: Pain
Press: ? - help, Shift-Dir - straight line, f/p - orc wizard
Aim: an orc wizard, wielding a dagger and wearing a robe (severely wounded, chance to defeat MR: 84%)
The orc wizard writhes in agony!
You kill the orc wizard!
Your Conjurations skill increases to level 3!
Your Hexes skill increases to level 3!
Your Charms skill increases to level 3!
Your Summonings skill increases to level 3!
Your Translocations skill increases to level 3!
Your Transmutations skill increases to level 3!
Your Fire Magic skill increases to level 3!
Your Ice Magic skill increases to level 3!
Your Air Magic skill increases to level 3!
Your Earth Magic skill increases to level 3!
Your Poison Magic skill increases to level 3!
Casting: Pain
Confirm with . or Enter, or press ? or * to list all spells.
You can't see any susceptible monsters within range! (Use Z to cast anyway.) Are you sure you want to abandon this character and quit the game? (Confirm with "yes".)

#.# ##...# # #.#
####.#.#.##### #.#
##...........## #.#
##...#.#.#.##.## #.#
##.....#...## ## #.#
##.......#.## # #.#
#..........# ##
#.######[......### ..
#......@......## # #
#########....########.
#..............#
#..###########..
#......... .....
#.######## ####. #.#
#. ############.#### #
# #. #...............#
#.# #.


There were no monsters in sight!

Vanquished Creatures
  A hungry ghost (D:7)
  Edmund (D:6)
  A water moccasin (D:7)
  A sky beast (D:7)
  Purgy (Sewer)
  An ice beast (D:7)
  An ogre (D:6)
  2 bullfrogs
  A scorpion (D:7)
  A crimson imp (D:6)
  A quasit (D:6)
  A centaur zombie (D:7)
  5 hounds
  3 jellies
  6 orc wizards
  3 worker ants
  5 gnolls (D:5)
  An adder (D:2)
  A shadow imp (D:7)
  An adder skeleton (D:4)
  An adder zombie (D:6)
  2 worms (D:5)
  A dart slug (D:1)
  A leopard gecko (D:1)
  17 orcs
  7 bats
  3 giant cockroaches
  A hobgoblin (D:1)
  A quokka (D:5)
  4 frilled lizards
  2 goblins (D:3)
  A kobold (D:3)
  A rat (D:2)
80 creatures vanquished.

Vanquished Creatures (collateral kills)
  A worker ant (D:5)
  A gnoll (D:5)
  2 orcs (D:5)
4 creatures vanquished.

Grand Total: 84 creatures vanquished

Notes
Turn   | Place    | Note
-------+----------+-------------------------------------------
     0 | D:1      | tidbits the Gnoll Necromancer began the quest for the Orb.
     0 | D:1      | Reached XP level 1. HP: 13/13 MP: 6/6
   113 | D:1      | Reached XP level 2. HP: 18/19 MP: 5/7
   116 | D:1      | Learned a level 1 spell: Animate Skeleton
   307 | D:3      | Reached XP level 3. HP: 12/25 MP: 6/9
   368 | D:3      | Reached skill level 5 in Spellcasting
   389 | D:3      | Reached skill level 1 in Fighting
   389 | D:3      | Reached skill level 1 in Short Blades
   389 | D:3      | Reached skill level 1 in Long Blades
   389 | D:3      | Reached skill level 1 in Axes
   389 | D:3      | Reached skill level 1 in Maces & Flails
   389 | D:3      | Reached skill level 1 in Polearms
   389 | D:3      | Reached skill level 1 in Staves
   389 | D:3      | Reached skill level 1 in Slings
   389 | D:3      | Reached skill level 1 in Bows
   389 | D:3      | Reached skill level 1 in Crossbows
   389 | D:3      | Reached skill level 1 in Throwing
   389 | D:3      | Reached skill level 1 in Armour
   389 | D:3      | Reached skill level 1 in Shields
   389 | D:3      | Reached skill level 1 in Unarmed Combat
   389 | D:3      | Reached skill level 1 in Invocations
   389 | D:3      | Reached skill level 1 in Evocations
   410 | D:3      | Reached XP level 4. HP: 14/32 MP: 7/11
   436 | D:3      | Learned a level 3 spell: Vampiric Draining
   440 | D:3      | Learned a level 3 spell: Regeneration
   498 | D:4      | Found Qerrityq's Distillery.
   502 | D:4      | Reached skill level 1 in Conjurations
   502 | D:4      | Reached skill level 1 in Hexes
   502 | D:4      | Reached skill level 1 in Charms
   502 | D:4      | Reached skill level 1 in Summonings
   502 | D:4      | Reached skill level 1 in Translocations
   502 | D:4      | Reached skill level 1 in Transmutations
   502 | D:4      | Reached skill level 1 in Fire Magic
   502 | D:4      | Reached skill level 1 in Ice Magic
   502 | D:4      | Reached skill level 1 in Air Magic
   502 | D:4      | Reached skill level 1 in Earth Magic
   502 | D:4      | Reached skill level 1 in Poison Magic
   535 | D:4      | HP: 3/32 [orc wizard/magic dart (5)]
   537 | D:4      | Reached XP level 5. HP: 25/37 MP: 1/12
   621 | D:5      | Entered Level 5 of the Dungeon
   690 | D:5      | Found a glowing drain.
   719 | Sewer    | Entered a sewer
   747 | Sewer    | Noticed Purgy
   763 | Sewer    | Killed Purgy
   763 | Sewer    | Reached skill level 2 in Invocations
   763 | Sewer    | Reached XP level 6. HP: 7/44 MP: 0/13
   791 | Sewer    | Learned a level 3 spell: Ozocubu's Armour
   868 | D:5      | Reached skill level 2 in Fighting
   868 | D:5      | Reached skill level 2 in Short Blades
   868 | D:5      | Reached skill level 2 in Long Blades
   868 | D:5      | Reached skill level 2 in Axes
   868 | D:5      | Reached skill level 2 in Maces & Flails
   868 | D:5      | Reached skill level 2 in Polearms
   868 | D:5      | Reached skill level 2 in Staves
   868 | D:5      | Reached skill level 2 in Slings
   868 | D:5      | Reached skill level 2 in Bows
   868 | D:5      | Reached skill level 2 in Crossbows
   868 | D:5      | Reached skill level 2 in Throwing
   868 | D:5      | Reached skill level 2 in Armour
   868 | D:5      | Reached skill level 5 in Dodging
   868 | D:5      | Reached skill level 2 in Shields
   868 | D:5      | Reached skill level 2 in Unarmed Combat
   868 | D:5      | Reached skill level 2 in Evocations
   939 | D:6      | Noticed Edmund
   953 | D:6      | Killed Edmund
   953 | D:6      | Reached XP level 7. HP: 19/50 MP: 0/15
  1023 | D:7      | Found Efueh's Assorted Antiques.
  1028 | D:7      | Bought an encrusted copper wand for 116 gold pieces
  1125 | D:6      | Learned a level 5 spell: Borgnjor's Vile Clutch
  1151 | D:7      | Reached skill level 2 in Conjurations
  1151 | D:7      | Reached skill level 2 in Hexes
  1151 | D:7      | Reached skill level 2 in Charms
  1151 | D:7      | Reached skill level 2 in Summonings
  1151 | D:7      | Reached skill level 2 in Translocations
  1151 | D:7      | Reached skill level 2 in Transmutations
  1151 | D:7      | Reached skill level 2 in Fire Magic
  1151 | D:7      | Reached skill level 2 in Ice Magic
  1151 | D:7      | Reached skill level 2 in Air Magic
  1151 | D:7      | Reached skill level 2 in Earth Magic
  1151 | D:7      | Reached skill level 2 in Poison Magic
  1184 | D:7      | Reached skill level 5 in Stealth
  1187 | D:7      | Reached skill level 3 in Invocations
  1225 | D:8      | Reached XP level 8. HP: 56/57 MP: 12/16
  1351 | D:7      | Paralysed by fainting for 10 turns
  1369 | D:7      | Reached skill level 3 in Fighting
  1369 | D:7      | Reached skill level 3 in Short Blades
  1369 | D:7      | Reached skill level 3 in Long Blades
  1369 | D:7      | Reached skill level 3 in Axes
  1369 | D:7      | Reached skill level 3 in Maces & Flails
  1369 | D:7      | Reached skill level 3 in Polearms
  1369 | D:7      | Reached skill level 3 in Staves
  1369 | D:7      | Reached skill level 3 in Slings
  1369 | D:7      | Reached skill level 3 in Bows
  1369 | D:7      | Reached skill level 3 in Crossbows
  1369 | D:7      | Reached skill level 3 in Throwing
  1369 | D:7      | Reached skill level 3 in Armour
  1369 | D:7      | Reached skill level 3 in Shields
  1369 | D:7      | Reached skill level 3 in Unarmed Combat
  1369 | D:7      | Reached skill level 3 in Evocations
  1387 | D:7      | Reached skill level 6 in Spellcasting
  1627 | D:5      | Reached skill level 4 in Invocations
  1639 | D:5      | Found Luguowuu's Weapon Emporium.
  1716 | D:5      | Reached skill level 3 in Conjurations
  1716 | D:5      | Reached skill level 3 in Hexes
  1716 | D:5      | Reached skill level 3 in Charms
  1716 | D:5      | Reached skill level 3 in Summonings
  1716 | D:5      | Reached skill level 3 in Translocations
  1716 | D:5      | Reached skill level 3 in Transmutations
  1716 | D:5      | Reached skill level 3 in Fire Magic
  1716 | D:5      | Reached skill level 3 in Ice Magic
  1716 | D:5      | Reached skill level 3 in Air Magic
  1716 | D:5      | Reached skill level 3 in Earth Magic
  1716 | D:5      | Reached skill level 3 in Poison Magic
  1717 | D:5      | Quit the game

Vault maps used:
D:1:      dpeg_arrival_shelter
D:2:      chequers_temple_overflow_statue_of_worship, uniq_jessica
D:3:      nemelex_xobeh_ov_fountains_minmay
D:4:      first_ration, serial_shops, shop_fountains
D:5:      cheibrodos_sewer_entry_bend, serial_shops, shop
D:6:      temple_hall, uniq_edmund
D:7:      serial_shops, nicolae_shop_waterfront, minmay_misc_feat_diagonals,
          nicolae_zen_rock_garden
D:8:      lemuel_bear_cage
Sewer:    sewer_big_baddie

Skill      XL: |  1  2  3  4  5  6  7  8 |
---------------+-------------------------+-----
Spellcasting   | 5 6 |  6.2
Fighting       | 1 2 3 |  3.6
Short Blades   | 1 2 3 |  3.6
Long Blades    | 1 2 3 |  3.6
Axes           | 1 2 3 |  3.6
Maces & Flails | 1 2 3 |  3.6
Polearms       | 1 2 3 |  3.6
Staves         | 1 2 3 |  3.6
Slings         | 1 2 3 |  3.6
Bows           | 1 2 3 |  3.6
Crossbows      | 1 2 3 |  3.6
Throwing       | 1 2 3 |  3.6
Armour         | 1 2 3 |  3.6
Shields        | 1 2 3 |  3.6
Unarmed Combat | 1 2 3 |  3.6
Invocations    | 1 2 3 4 |  4.0
Evocations     | 1 2 3 |  3.6
Conjurations   | 1 2 3 |  3.0
Hexes          | 1 2 3 |  3.0
Charms         | 1 2 3 |  3.0
Summonings     | 1 2 3 |  3.0
Translocations | 1 2 3 |  3.0
Transmutations | 1 2 3 |  3.0
Fire Magic     | 1 2 3 |  3.0
Ice Magic      | 1 2 3 |  3.0
Air Magic      | 1 2 3 |  3.0
Earth Magic    | 1 2 3 |  3.0
Poison Magic   | 1 2 3 |  3.0
Dodging        | 5 |  5.9
Stealth        | 5 |  5.6
Necromancy     | |  7.8

Action                   |  1- 3 |  4- 6 |  7- 9 || total
-------------------------+-------+-------+-------++-------
Melee: Club              |     3 |       |       ||     3
       Dagger            |     1 |     8 |    12 ||    21
       Bite              |     1 |     8 |    11 ||    20
       Flail             |       |    63 |   109 ||   172
       Punch             |       |       |     1 ||     1
 Cast: Pain              |    25 |    47 |    28 ||   100
       Animate Skeleton  |     1 |       |     6 ||     7
       Regeneration      |       |     2 |     5 ||     7
       Vampiric Draining |       |     6 |     8 ||    14
       Borgnjor's Vile C |       |       |     1 ||     1
Evoke: Wand              |       |       |     4 ||     4
  Use: Potion            |       |     3 |       ||     3
       Scroll            |       |     4 |     3 ||     7
 Stab: Sleeping          |     3 |     2 |     2 ||     7
       Paralysed         |       |       |     4 ||     4
  Eat: Chunk             |       |       |     5 ||     5
       Ration            |       |       |     1 ||     1
Armor: Robe              |       |    23 |       ||    23
       Leather armour    |       |       |    66 ||    66
Dodge: Dodged            |     4 |    91 |   179 ||   274

Table legend:
 A = Spawn XP
 B = Non-spawn XP
 C = Spawn XP percentage of total XP
 D = Spawn monster count
 E = Non-spawn monster count
 F = Spawn count percentage of total count
 G = Total turns spent on level
                    A         B        C        D         E        F      G
               +---------+---------+-------+---------+---------+-------+---------
         Total |       0 |    2288 |   0.0 |       0 |      84 |   0.0 |  1717
               +---------+---------+-------+---------+---------+-------+---------
           D:1 |       0 |      11 |   0.0 |       0 |       5 |   0.0 |   125
           D:2 |       0 |      18 |   0.0 |       0 |       4 |   0.0 |    94
           D:3 |       0 |     101 |   0.0 |       0 |      12 |   0.0 |   273
           D:4 |       0 |      57 |   0.0 |       0 |       6 |   0.0 |   129
           D:5 |       0 |     366 |   0.0 |       0 |      26 |   0.0 |   354
           D:6 |       0 |     631 |   0.0 |       0 |      11 |   0.0 |   259
           D:7 |       0 |     919 |   0.0 |       0 |      13 |   0.0 |   325
           D:8 |       0 |      43 |   0.0 |       0 |       1 |   0.0 |    66
         Sewer |       0 |     142 |   0.0 |       0 |       6 |   0.0 |    92
               +---------+---------+-------+---------+---------+-------+---------

Table legend:
 A = Turns spent in this place as a percentage of turns spent in the entire game.
 B = Non-inter-level travel turns spent in this place as a percentage of non-inter-level travel turns spent in the entire game.
 C = Inter-level travel turns spent in this place as a percentage of turns spent in this place.
 D = Turns resting spent in this place as a percentage of non-inter-level travel turns spent in this place.
 E = Turns spent auto-exploring this place as a percentage of non-inter-level travel turns spent in this place.
 F = Non-inter-level travel turns spent in this place divided by the number of levels of this place that you've seen.
                   A       B       C       D       E      F
               +-------+-------+-------+-------+-------+----------------------
         Total | 100.0 | 100.0 |   1.0 |   0.0 |   0.0 | 188.9
       Dungeon |  94.6 |  94.6 |   1.0 |   0.0 |   0.0 | 201.0
         Sewer |   5.4 |   5.4 |   0.0 |   0.0 |   0.0 |  92.0
               +-------+-------+-------+-------+-------+----------------------

Table legend:
 A = Kills in this place as a percentage of kills in entire the game.
 B = Kills by you in this place as a percentage of kills by you in the entire game.
 C = Kills by friends in this place as a percentage of kills by friends in the entire game.
 D = Other kills in this place as a percentage of other kills in the entire game.
 E = Experience gained in this place as a percentage of experience gained in the entire game.
 F = Experience gained in this place divided by the number of levels of this place that you have seen.
                   A       B       C       D       E      F
               +-------+-------+-------+-------+-------+----------------------
         Total | 100.0 | 100.0 | 100.0 |   N/A | 100.0 | 254.2
       Dungeon |  92.9 |  92.5 | 100.0 |   N/A |  93.8 | 268.2
         Sewer |   7.1 |   7.5 |   0.0 |   N/A |   6.2 | 142.0
               +-------+-------+-------+-------+-------+----------------------

Vault maps used:
D:1:      dpeg_arrival_shelter
D:2:      chequers_temple_overflow_statue_of_worship, uniq_jessica
D:3:      nemelex_xobeh_ov_fountains_minmay
D:4:      first_ration, serial_shops, shop_fountains
D:5:      cheibrodos_sewer_entry_bend, serial_shops, shop
D:6:      temple_hall, uniq_edmund
D:7:      serial_shops, nicolae_shop_waterfront, minmay_misc_feat_diagonals,
          nicolae_zen_rock_garden
D:8:      lemuel_bear_cage
Sewer:    sewer_big_baddie
